 Dungeon Crawl Stone Soup version 0.29-a0-1047-g7c58e119a4 (webtiles) character file.

Game seed: 16900166664074010883

142 ytrimaz the Insei (level 5, -2/37 HPs)
             Began as a Demonspawn Transmuter on Aug 16, 2022.
             Slain by an iguana (13 damage)
             ... on level 4 of the Dungeon on Aug 17, 2022.
             The game lasted 00:04:18 (3271 turns).

ytrimaz the Insei (Demonspawn Transmuter)           Turns: 3271, Time: 00:04:19

Health: -2/37      AC:  2    Str: 10    XL:     5   Next: 3%
Magic:  5/9        EV: 27    Int: 16    God:
Gold:   220        SH:  4    Dex: 19    Spells: 4/10 levels left

rFire   . . .      SeeInvis .     - Unarmed
rCold   . . .      Faith    .   (shield currently unavailable)
rNeg    . . .      Spirit   .   (body armour currently unavailable)
rPois   x          Reflect  .   (helmet currently unavailable)
rElec   .          Harm     .   (cloak currently unavailable)
rCorr   .          Rampage  .   (gloves currently unavailable)
Will    .....                   (boots currently unavailable)
Stlth   ++........              (no amulet)
HPRegen 0.12/turn               g - +4 ring of evasion
MPRegen 0.11/turn               h - +4 ring of evasion

@: spider-form (expiring)
A: venomous fangs, tiny, (horns 1), (spiny 1), condensation shield
a: End Transformation


You were on level 4 of the Dungeon.
You were a venomous arachnid creature.
You visited 1 branch of the dungeon, and saw 4 of its levels.

You collected 220 gold pieces.

Inventory:

Armour
 a - a +0 robe (melded)
Jewellery
 e - a +6 ring of strength
 g - a +4 ring of evasion (left front leg)
 h - a +4 ring of evasion (right front leg)
 i - a +4 ring of evasion
 n - an amulet of magic regeneration
Scrolls
 k - a scroll of identify
 o - a scroll of immolation {unknown}
Potions
 b - a potion of mutation {unknown}
 c - a potion of invisibility {unknown}
 d - a potion of haste {unknown}
 f - 3 potions of heal wounds
 j - a potion of degeneration {unknown}
 l - a potion of brilliance {unknown}
 m - a potion of cancellation {unknown}
 p - a potion of berserk rage {unknown}


   Skills:
 - Level 1.0 Fighting
 - Level 1.7 Dodging
 + Level 3.8 Unarmed Combat
 + Level 3.3 Spellcasting
 + Level 2.6 Transmutations
 + Level 0.3 Poison Magic


You had 4 spell levels left.
You knew the following spells:

 Your Spells              Type           Power      Damage    Failure   Level
a - Beastly Appendage     Tmut           22%        N/A       17%         1
b - Wereblood             Tmut           11%        N/A       22%         2
c - Spider Form           Tmut/Pois      7%         N/A       50%         3

Your spell library contained the following spells:

 Spells                   Type           Power      Damage    Failure   Level
 Dazzling Flash           Conj/Hex       4%         N/A       71%         3
 Ice Form                 Ice/Tmut       6%         N/A       87%         4
 Agony                    Necr           2%         N/A       100%        5
 Silence                  Hex/Air        1%         N/A       100%        5


Dungeon Overview and Level Annotations

Branches:
Dungeon (4/15)
 Temple: D:4-7

Altars:
Kikubaaqudgha

Shops:
D:1 ?


Innate Abilities, Weirdness & Mutations

You are a venomous arachnid creature.
You have poisonous fangs.
You are tiny and dextrous.
Your spellcasting is less reliable in this form.
Your armour is entirely melded.
You are incapable of wielding weapons or throwing items.
((You have a pair of small horns on your head.))
((You are partially covered in sharp spines.))
A meltable shield of frost defends you. (SH +4)


Message History

The iguana hisses menacingly.
The iguana bites you.
You are too injured to fight recklessly!
You completely miss the iguana.
The iguana is heavily wounded.
The quokka completely misses you.
Unknown command.
You are too injured to fight recklessly!
You hit the iguana but do no damage.
The iguana looks as sick as possible!
The iguana is heavily wounded.
The iguana completely misses you. The quokka completely misses you.
The iguana closely misses you.
You are too injured to fight recklessly!
You hit the iguana.
The iguana looks as sick as possible!
The iguana is severely wounded.
You kill the iguana!
The quokka bites you.
* * * LOW HITPOINT WARNING * * *
The iguana completely misses you.
You have reached level 5!
Your demonic ancestry asserts itself...
Frost condenses into a shield before you.
You hit the iguana.
The iguana is lightly wounded.
Your transformation is almost over.
The quokka misses you. The iguana misses you.
You hit the iguana.
The iguana is poisoned.
The iguana is heavily wounded.
The quokka misses you.
The iguana hisses menacingly.
The iguana completely misses you. You block the quokka's attack.
You are too injured to fight recklessly!
You hit the iguana.
The iguana looks as sick as possible!
The iguana is heavily wounded.
The iguana bites you but does no damage.
You block the quokka's attack.
You barely miss the iguana.
The iguana is almost dead.
The iguana bites you!
You die...

..............+......#
..............#......#
..............#......#
..............#......#
.......##'#####......#
.......##.....#......#
.......#......#......#
.......#......#l†r...#
.......+......#.s....#
..._...#......#......#
.......#.)....#......#
.......#......#......#
)<.....#...[..#......#
.......#......#......#
.......#......#......##
#########.....#........
#....##.....#........


You could see an iguana (extremely poisoned) and a quokka.

Vanquished Creatures
  Jessica (D:2)
  An iguana (D:4)
  An adder (D:3)
  4 worms
  3 dart slugs
  5 bats
  6 endoplasms
  4 giant cockroaches
  6 goblins
  3 hobgoblins
  10 jackals
  2 quokkas
  4 ball pythons
  2 frilled lizards
  3 kobolds
  3 rats (D:2)
58 creatures vanquished.

Vanquished Creatures (others)
  5 toadstools (D:1)
5 creatures vanquished.

Grand Total: 63 creatures vanquished

Notes
Turn   | Place    | Note
-------+----------+-------------------------------------------
     0 | D:1      | ytrimaz the Demonspawn Transmuter began the quest for the
                  | Orb.
     0 | D:1      | Reached XP level 1. HP: 15/15 MP: 3/3
   201 | D:1      | HP: 1/22 [giant cockroach (1)]
   203 | D:1      | Gained mutation: You have a pair of small horns on your
                  | head. [demonic ancestry]
   203 | D:1      | Reached XP level 2. HP: 2/21 MP: 5/5
   562 | D:1      | Found a faded altar of an unknown god.
   631 | D:1      | Found Olooplan's Magic Scroll Shoppe.
   806 | D:1      | Learned a level 2 spell: Wereblood
  1399 | D:2      | Gained mutation: You are partially covered in sharp spines.
                  | [demonic ancestry]
  1399 | D:2      | Reached XP level 3. HP: 26/26 MP: 3/6
  1412 | D:2      | Noticed Jessica
  1415 | D:2      | Learned a level 3 spell: Spider Form
  1420 | D:2      | Killed Jessica
  1744 | D:2      | Reached XP level 4. HP: 23/32 MP: 5/8
  3176 | D:4      | Found an ancient bone altar of Kikubaaqudgha.
  3268 | D:4      | Gained mutation: A meltable shield of frost defends you.
                  | (SH +4) [demonic ancestry]
  3268 | D:4      | Reached XP level 5. HP: 10/37 MP: 5/9
  3271 | D:4      | Slain by an iguana

Illustrated notes

Levels and vault maps discovered:
D:1:      pf_arrival_petrified_forest, layout_basic,
          chequers_ecumenical_altar_island, serial_shops, shop_fountains,
          minmay_gold_behind_fungi
D:2:      layout_loops_ring, minivault_26, uniq_jessica
D:3:      layout_basic
D:4:      layout_gridville, overflow_temple_1_default, amcnicky_altar_gilded,
          minmay_circle_x, uniq_sigmund

Skill      XL: |  1  2  3  4 |
---------------+-------------+-----
Unarmed Combat | 3 |  3.8
Transmutations | 2 |  2.6
Spellcasting   | 3 |  3.3
Fighting       | |  1.0
Dodging        | |  1.7
Poison Magic   | |  0.3

Action                   |  1- 3 |  4- 6 || total
-------------------------+-------+-------++-------
Melee: Unarmed           |    78 |    68 ||   146
       Headbutt          |    13 |     9 ||    22
       Kick              |     8 |    15 ||    23
       Punch             |     2 |     1 ||     3
 Cast: Beastly Appendage |    18 |    20 ||    38
       Wereblood         |     1 |       ||     1
       Spider Form       |     2 |     1 ||     3
  Use: Potion            |     1 |       ||     1
       Scroll            |     2 |     3 ||     5
 Stab: Sleeping          |     1 |     1 ||     2
Armor: Robe              |    10 |     3 ||    13
       Skin              |     3 |     1 ||     4
Dodge: Dodged            |    66 |    50 ||   116
Block: Other             |       |     2 ||     2

Table legend: (Time is in decaauts)
 A = Elapsed time spent in this place.
 B = Non-inter-level travel time spent in this place.
 C = Inter-level travel time spent in this place.
 D = Time resting spent in this place.
 E = Time spent auto-exploring this place.
 F = Levels seen in this place.
 G = Mean time per level.
                   A        B        C        D        E       F      G
               +--------+--------+--------+--------+--------+-----+--------+
         Total |   3262 |   3113 |    149 |    362 |   2258 |   4 |  815.5 |
       Dungeon |   3262 |   3113 |    149 |    362 |   2258 |   4 |  815.5 |
               +--------+--------+--------+--------+--------+-----+--------+

Top non-repeatable levels by time:
     D:1: 1364 daAuts
     D:3: 949 daAuts
     D:2: 853 daAuts
     D:4: 94 daAuts
